 Dungeon Crawl Stone Soup version 0.18-a0-1721-gc4d1f22 (webtiles) character file.

48 Lovchig the Skirmisher (level 3, -1/33 HPs)
             Began as a Draconian Berserker on Apr 9, 2016.
             Was a Believer of Trog.
             Slain by a goblin
             ... wielding a +0 dagger
             ... led by Robin
              (2 damage)
             ... on level 2 of the Dungeon.
             The game lasted 00:12:18 (1187 turns).

Lovchig the Skirmisher (Draconian Berserker)        Turns: 1187, Time: 00:12:19

Health: -1/33      AC:  6    Str: 20    XL:     3   Next: 50%
Magic:  3/3        EV: 13    Int:  7    God:    Trog [**....]
Gold:   115        SH:  0    Dex: 10    Spells: 0 memorised, 2 levels left

rFire  . . .     SeeInvis .     h - +0 club
rCold  . . .     Gourm    .     (armour unavailable)
rNeg   . . .     Faith    .     (no shield)
rPois  .         Spirit   .     (helmet restricted)
rElec  .         Dismiss  .     (no cloak)
rCorr  .         Reflect  .     s - +0 pair of gloves
SustAt .         Harm     .     (no boots)
MR     .....     Rnd*Tele +     (no amulet)
Stlth  +.........               (no ring)
                                w - ring of teleportation (curse)

@: not resistant to hostile enchantments, very unstealthy
A: unfitting armour, cold-blooded, AC +5
a: Berserk, Trog's Hand, Burn Spellbooks, Renounce Religion


You were on level 2 of the Dungeon.
You worshipped Trog.
Trog was pleased with you.
You were not hungry.

You visited 1 branch of the dungeon, and saw 2 of its levels.

You collected 115 gold pieces.

Inventory:

Hand Weapons
 a - a +0 falchion
 f - a +0 whip
 g - a +0 club
 h - a +0 club (weapon)
 i - a cursed -3 dagger
 j - a +0 short sword
 k - a +0 club
 l - a +0 mace
 n - a +0 dagger
 o - a +0 club
 u - a +0 dagger
 x - a +0 spear
 A - a +0 short sword
 B - a +0 short sword
 D - a +0 short sword
 F - a +0 club
Missiles
 e - 33 stones (quivered)
 p - 6 needles of sleeping
 q - 8 poisoned needles
 v - 19 arrows
 y - 19 bolts
Armour
 s - a +0 pair of gloves (worn)
 z - a +0 scale mail
 E - a +0 chain mail
Jewellery
 w - a cursed ring of teleportation (left hand)
 H - a +1 ring of evasion {unknown}
Scrolls
 c - 2 scrolls of magic mapping
 d - a scroll of teleportation
 r - a scroll of amnesia
 G - a scroll of enchant armour {unknown}
Potions
 m - 2 potions of ambrosia {unknown}
 t - 2 potions of haste {unknown}
 C - a potion of curing {unknown}
Comestibles
 b - 2 bread rations


   Skills:
 + Level 3.7 Fighting
 + Level 3.3 Long Blades
 + Level 3.5 Dodging


You had 2 spell levels left.
You didn't know any spells.

Dungeon Overview and Level Annotations

Branches:
Dungeon (2/15)

Altars:

Annotations:
D:2 Robin


Innate Abilities, Weirdness & Mutations

Your plain brown scales are hard (AC +5).
Your body does not fit into most forms of armour.
You are cold-blooded and may be slowed by cold attacks.


Message History

Robin roars a battlecry!
The goblins go into a battle-frenzy!
The hobgoblin misses you. The goblin hits you with a dagger.
* * * LOW HITPOINT WARNING * * *
The goblin hits you but does no damage. Robin throws the goblin at you!
The hobgoblin hits you with a club.
* * * LOW HITPOINT WARNING * * *
The goblin hits you but does no damage. Robin hits you but does no damage.
You hit Robin.
Robin is moderately wounded.
The goblin hits you but does no damage. x2; The hobgoblin hits you with a club.
* * * LOW HITPOINT WARNING * * *
Robin says, "Feeling lonely?"
Robin hits you but does no damage.
A hobgoblin comes into view. It is wielding a club.
The hobgoblin shouts!
You hit Robin.
Robin is moderately wounded.
The goblin hits you with a dagger.
You die...

.... .>g... . .#.#
#.#g###. .#.#####.......
.........#.g# #########
..#####.....# #........
..# #.....## #........
..#####......# #........
......#.#..#.####g.......
#.###.#.#....)rg@g.......
#.....#.##.#.####g#######
......#....#.# #.#
......#.##.#.. #.g
........##..... ####
...†..#.######.#
..........# ###'#...#.#
## #.#.....# ########....


You could see Robin, 2 hobgoblins, 2 goblins and a rat.

Vanquished Creatures
  A dart slug (D:2)
  6 bats (D:1)
  12 goblins
  9 hobgoblins
  A jackal (D:1)
  2 giant newts (D:1)
  5 kobolds
  4 rats (D:1)
40 creatures vanquished.

Notes
Turn   | Place    | Note
--------------------------------------------------------------
     0 | D:1      | Lovchig the Draconian Berserker began the quest for the Orb.
     0 | D:1      | Reached XP level 1. HP: 19/19 MP: 1/1
   144 | D:1      | Reached XP level 2. HP: 24/26 MP: 2/2
   172 | D:1      | Reached ** piety under Trog
   952 | D:2      | Reached XP level 3. HP: 29/31 MP: 3/3
  1135 | D:2      | Noticed Robin
  1186 | D:2      | HP: 1/33 [hobgoblin/club[Robin] (4)]
  1187 | D:2      | Slain by a goblin

Vault maps used:
D:1:      lightli_arrival_chessboard, minmay_misc_feat_cross, minmay_vboxes
D:2:      first_bread, uniq_robin, uniq_sigmund

Skill      XL: |  1 |
---------------+----+-----
Dodging        | 3 |  3.5
Fighting       | |  3.7
Long Blades    | |  3.3

Action                   || total
-------------------------++-------
Melee: Falchion          ||    67
       Club              ||    36
  Use: Scroll            ||     3
  Eat: Bread ration      ||     1
